 Dungeon Crawl Stone Soup version 0.29.1-1-gd02db6906a (webtiles) character file.

Game seed: 5092095649223319317

150 safid the Shooter (level 5, -8/45 HPs)
             Began as a Minotaur Hunter on Sept 30, 2022.
             Killed by divine providence
             ... invoked by an orc priest
              (14 damage)
             ... on level 4 of the Dungeon.
             The game lasted 00:03:56 (2825 turns).

safid the Shooter (Minotaur Hunter)                 Turns: 2825, Time: 00:03:56

Health: -8/45      AC:  3    Str: 15    XL:     5   Next: 10%
Magic:  4/4        EV: 12    Int:  6    God:
Gold:   111        SH:  0    Dex: 16    Spells: 4/4 levels left

rFire   . . .      SeeInvis +   a - +0 shortbow
rCold   . . .      Faith    .   (shield currently unavailable)
rNeg    . . .      Spirit   .   c - +0 leather armour
rPois   .          Reflect  .   (helmet restricted)
rElec   .          Harm     .   (no cloak)
rCorr   .          Rampage  .   (no gloves)
Will    .....                   (no boots)
Stlth   +.........              (no amulet)
HPRegen 0.15/turn               v - ring of see invisible
MPRegen 0.09/turn               (no ring)

@: no status effects
A: horns 2, retaliatory headbutt
a: no special abilities


You were on level 4 of the Dungeon.
You visited 1 branch of the dungeon, and saw 4 of its levels.

You collected 111 gold pieces.

Inventory:

Hand Weapons
 a - a +0 shortbow (weapon)
Missiles
 l - 4 poisoned darts
Armour
 c - a +0 leather armour (worn)
Jewellery
 v - a ring of see invisible (left hand)
Scrolls
 b - a scroll of immolation
 d - a scroll of summoning {unknown}
 e - a scroll of vulnerability {unknown}
 f - a scroll of noise {unknown}
 g - a scroll of silence {unknown}
 h - 3 scrolls of teleportation {unknown}
 i - a scroll of enchant weapon {unknown}
 j - 2 scrolls of enchant armour {unknown}
 p - a scroll of torment {unknown}
 r - a scroll of acquirement {unknown}
Potions
 k - a potion of might {unknown}
 m - a potion of magic {unknown}
 n - 2 potions of curing {unknown}
 o - a potion of ambrosia {unknown}
 q - a potion of mutation {unknown}
 s - a potion of brilliance {unknown}
 t - a potion of haste {unknown}
 u - a potion of cancellation {unknown}


   Skills:
 - Level 3.0 Fighting
 + Level 6.9 Ranged Weapons
 - Level 2.1 Dodging
 - Level 0.7 Stealth


You had 4 spell levels left.
You didn't know any spells.
Your spell library was empty.

Dungeon Overview and Level Annotations

Branches:
Dungeon (4/15)
 Temple: D:4-7

Altars:


Innate Abilities, Weirdness & Mutations

You have a pair of horns on your head.
You reflexively headbutt those who attack you in melee.


Message History

You shoot an arrow. The arrow hits the orc.
You kill the orc!
You shoot an arrow.
The arrow closely misses the orc priest.
You shoot an arrow.
The arrow hits the orc priest but does no damage.
An orc comes into view. It is wielding a +0 hand axe.
You shoot an arrow. The arrow hits the orc priest.
The orc priest is lightly wounded.
The orc priest calls down the wrath of Beogh upon you.
Pain shoots through your body!
You shoot an arrow.
The arrow hits the orc priest but does no damage.
The orc priest is lightly wounded.
You hear a shout!
An orc comes into view. It is wielding a +0 whip.
The orc priest looks braver for a moment.
The orc priest mumbles some strange prayers to Beogh against you.
You barely resist.
You hear a shout!
You shoot an arrow. The arrow hits the orc priest.
The orc priest is lightly wounded.
The orc priest mumbles some strange prayers to Beogh against you.
Beogh smites you!
You are too injured to fight recklessly!
The orc priest attacks as you move away!
The orc priest closely misses you.
The orc priest attacks as you move away!
The orc priest barely misses you. You furiously retaliate!
You headbutt the orc priest, but do no damage.
The orc priest calls down the wrath of Beogh upon you.
Pain shoots through your body!
* * * LOW HITPOINT WARNING * * *
The orc priest begins to cast a cantrip, but forgets the words!
The orc wizard gestures wildly while chanting.
The orc wizard flickers and vanishes for a moment.
You see here a hobgoblin corpse.
The orc priest invokes the aid of Beogh against you.
Beogh smites you!
You die...

#########
#####..oo.o.#
#..<@.#####.# #.....#
#.#### #.....#
#.o..## #....<#
#.#.o.#
#.....#####.#.#.# #
#...........#.#.#####
####.#####)...#...o##
#.# #.#######..o #.#
#. #....#.


You could see an orc priest and 2 orcs.

Vanquished Creatures
  7 adders
  A worm (D:2)
  2 dart slugs (D:1)
  2 orcs
  5 ball pythons
  6 bats
  4 endoplasms
  9 giant cockroaches
  8 goblins
  11 hobgoblins
  2 quokkas (D:2)
  2 frilled lizards
  5 kobolds
  8 rats
72 creatures vanquished.

Notes
Turn   | Place    | Note
-------+----------+-------------------------------------------
     0 | D:1      | safid the Minotaur Hunter began the quest for the Orb.
     0 | D:1      | Reached XP level 1. HP: 18/18 MP: 0/0
   126 | D:1      | Found a faded altar of an unknown god.
   199 | D:1      | Reached XP level 2. HP: 26/26 MP: 1/1
   356 | D:1      | Reached skill level 5 in Ranged Weapons
   563 | D:1      | Reached XP level 3. HP: 31/31 MP: 2/2
   572 | D:1      | You fall into a shaft and drop 1 floor!
  1072 | D:2      | Reached XP level 4. HP: 20/38 MP: 3/3
  1256 | D:2      | Reached skill level 6 in Ranged Weapons
  2459 | D:3      | Reached XP level 5. HP: 45/45 MP: 4/4
  2796 | D:4      | HP: 1/45 [orc priest/nerve-wracking pain (13)]
  2825 | D:4      | Killed from afar by an orc priest

Illustrated notes

Levels and vault maps discovered:
D:1:      minmay_arrival_up_and_down, layout_loops_ring,
          shapermc_ecumenical_altar_ellora
D:2:      minmay_chambers_of_ones, layout_basic, minmay_pentomino_o2
D:3:      wander_river, layout_basic, minmay_diced_spiral
D:4:      layout_loops_cross, kennysheep_diamond, uniq_crazy_yiuf_cottage,
          uniq_duvessa

Skill      XL: |  1  2  3  4 |
---------------+-------------+-----
Fighting       | 3 |  3.0
Ranged Weapons | 5 6 |  6.9
Dodging        | |  2.1
Stealth        | |  0.7

Action                   |  1- 3 |  4- 6 || total
-------------------------+-------+-------++-------
 Fire: Shortbow          |    94 |   125 ||   219
Armor: Leather armour    |    12 |     7 ||    19
Dodge: Dodged            |    28 |    31 ||    59
